 Dungeon Crawl Stone Soup version 0.32-a0-986-ga09f62fbf4 (webtiles) character file.

Game seed: 16922151723813943452

219 LadyBoffin the Conjurer (level 5, -2/38 HPs)
             Began as a Draconian Conjurer on Apr 22, 2024.
             Slain by a gnoll
             ... wielding a +0 spear
             ... led by a gnoll bouda
              (4 damage)
             ... on level 3 of the Dungeon.
             The game lasted 00:06:45 (3249 turns).

LadyBoffin the Conjurer (Draconian Conjurer)        Turns: 3249, Time: 00:06:45

Health: -2/38      AC:  8    Str:  9    XL:     5   Next: 64%
Magic:  3/9        EV: 11    Int: 21    God:
Gold:   179        SH:  0    Dex:  9    Spells: 7/10 levels left

rFire   . . .        h - +0 long sword (heavy)
rCold   . . .        (no shield)
rNeg    . . .        (body armour unavailable)
rPois   .            (helmet restricted)
rElec   .            (no cloak)
rCorr   +            e - +2 pair of gloves
SInv    .            (no boots)
Will    .....        (no amulet)
Stlth   ++           c - ring of resist corrosion
HPRegen 0.26/turn    (no ring)
MPRegen 0.11/turn

%: no passive effects
@: no status effects
A: AC +5, unfitting armour, cold-blooded
a: no special abilities


You were on level 3 of the Dungeon.
You visited 1 branch of the dungeon, and saw 3 of its levels.

You collected 179 gold pieces.

Inventory:

Hand Weapons
 h - a +0 heavy long sword (weapon)
Armour
 e - a +2 pair of gloves (worn)
Jewellery
 b - a ring of ice
 c - a ring of resist corrosion (left hand)
Potions
 a - a potion of magic
 j - a potion of berserk rage {unknown}


   Skills:
 + Level 3.1 Dodging
 + Level 3.2 Stealth
 + Level 3.2 Spellcasting
 + Level 4.9 Conjurations


You had 7 spell levels left.
You knew the following spells:

 Your Spells              Type           Power      Damage    Failure   Level
a - Magic Dart            Conj           96%        1d7       1%          1
b - Searing Ray           Conj           48%        2d6       2%          2

Your spell library contained the following spells:

 Spells                   Type           Power      Damage    Failure   Level
 Fulminant Prism          Conj/Alch      6%         3d7       43%         4
 Iskenderun's Mystic Bla Conj/Tloc 13%            2d5        (+2d2     43%         4


Dungeon Overview and Level Annotations

Branches:
Dungeon (3/15)

Altars:
Dithmenos
Kikubaaqudgha


Innate Abilities, Weirdness & Mutations

Your plain brown scales are hard. (AC +5)
You cannot fit into any form of body armour.
You are cold-blooded and may be slowed by cold attacks.


Message History

The gnoll bouda is heavily wounded.
Aiming: Magic Dart (safe; 1% risk of failure)
Press: ? - help, Q - select action, (/) - cycle Shift-Dir - straight line, f/p - gnoll bouda
Aim: a gnoll bouda, wielding a +0 whip and wearing a +0 robe (heavily wounded, 100% to hit)
The magic dart hits the gnoll bouda.
The gnoll bouda is severely wounded.
The gnoll bouda hits you with a +0 whip!
Aiming: Magic Dart (safe; 1% risk of failure)
Press: ? - help, Q - select action, (/) - cycle Shift-Dir - straight line, f/p - gnoll bouda
Aim: a gnoll bouda, wielding a +0 whip and wearing a +0 robe (severely wounded, 100% to hit)
The magic dart hits the gnoll bouda!
You kill the gnoll bouda!
The gnoll throws a stone.
The stone hits you. The gnoll barely misses you.
There is an open door here.
You barely miss the gnoll. You tail-slap the gnoll.
The gnoll is moderately wounded.
The gnoll closely misses you. The gnoll hits you with a +0 flail.
You slash the gnoll!
The gnoll is almost dead.
The gnoll barely misses you. The gnoll misses you.
You closely miss the gnoll.
The gnoll is almost dead.
The gnoll is no longer moving quickly.
The gnoll barely misses you. x2
The gnoll hits you with a +0 flail!
* * * LOW HITPOINT WARNING * * *
You slash the gnoll!
You kill the gnoll!
The gnoll closely misses you.
The gnoll hits you from afar with a +0 spear.
* * * LOW HITPOINT WARNING * * *
The gnoll hits you but does no damage.
Things that are here:
a +0 flail; 3 stones; a gnoll corpse You hit the gnoll but do no damage.
The gnoll hits you but does no damage. The gnoll hits you with a +0 spear.
* * * LOW HITPOINT WARNING * * *
The gnoll hits you but does no damage.
You barely miss the gnoll. The gnoll hits you with a +0 spear.
You die...

# #.P.P....._.........#
#
#..P.P..P.#†........##
#
.##.P.....#.....P.##.##
###
+#....P..#.......#....
..#######
#.###....#....###.####
.........
+....#########.####
#.####### #........#
#.### ## #.......#
#####'#)..# #...####.
##......# #@#...#
###..##.. #......#
#g#...# ##....#
#....).# #.#...# ##.###
##......##
#.#...########.###
.........#
#.....)...........
######..## #
#.#####....##.####
#######..###.###.# #..
##.# ..†...........##.#
# #..# #####......##.#
#.##


You could see a gnoll.

Vanquished Creatures
  A gnoll bouda (D:3)
  Jessica (D:2)
  9 gnolls
  2 adders
  A dart slug (D:1)
  8 ball pythons
  8 bats
  2 endoplasms
  6 goblins (D:1)
  5 hobgoblins
  2 jackals (D:3)
  3 quokkas
  5 frilled lizards
  6 kobolds
  4 rats
63 creatures vanquished.

Notes
Turn   | Place    | Note
-------+----------+-------------------------------------------
     0 | D:1      | LadyBoffin the Draconian Conjurer began the quest for the
                  | Orb.
     0 | D:1      | Reached XP level 1. HP: 14/14 MP: 3/3
   251 | D:1      | Reached XP level 2. HP: 20/20 MP: 0/5
   983 | D:1      | Reached XP level 3. HP: 26/26 MP: 4/6
  1250 | D:2      | Found an ancient bone altar of Kikubaaqudgha.
  1618 | D:2      | Learned a level 2 spell: Searing Ray
  1820 | D:2      | Noticed Jessica
  1824 | D:2      | Killed Jessica
  1825 | D:2      | Reached XP level 4. HP: 32/33 MP: 2/8
  2520 | D:3      | Found a shadowy altar of Dithmenos.
  2751 | D:3      | Reached XP level 5. HP: 33/38 MP: 3/9
  3129 | D:3      | Found a faded altar of an unknown god.
  3249 | D:3      | Slain by a gnoll

Illustrated notes

Levels and vault maps discovered:
D:1:      beargit_arrival_greenhouse, layout_basic,
          nicolae_kite_square_tiling_tiny, minmay_cupped
D:2:      layout_basic, basic_altar, minmay_diced_spiral, uniq_jessica
D:3:      layout_basic, mainiacjoe_overflow_catwalk,
          mainiacjoe_overflow_alcove_2, serial_shops, nicolae_square_shop,
          shapermc_ecumenical_altar_gd, chequers_serial_rivers_room_a

Skill      XL: |  1  2  3  4  5 |
---------------+----------------+-----
Dodging        | 2 3 |  3.1
Stealth        | 2 3 |  3.2
Spellcasting   | 3 |  3.2
Conjurations   | |  4.9

Action                     |  1- 3 |  4- 6 || total
---------------------------+-------+-------++-------
  Melee: Unarmed           |    10 |       ||    10
         Long sword        |    11 |    15 ||    26
         Tailslap          |       |     2 ||     2
   Cast: Magic Dart        |    75 |    48 ||   123
         Searing Ray       |       |     3 ||     3
    Use: Scroll            |     4 |     5 ||     9
         Potion            |       |     2 ||     2
 Armour: Skin              |    24 |    27 ||    51
  Dodge: Dodged            |    22 |    23 ||    45

Table legend: (Time is in decaauts)
 A = Elapsed time spent in this place.
 B = Non-inter-level travel time spent in this place.
 C = Inter-level travel time spent in this place.
 D = Time resting spent in this place.
 E = Time spent auto-exploring this place.
 F = Levels seen in this place.
 G = Mean time per level.
                   A        B        C        D        E       F      G
               +--------+--------+--------+--------+--------+-----+--------+
         Total |   3261 |   3186 |     75 |    488 |   2221 |   3 | 1087.0 |
       Dungeon |   3261 |   3186 |     75 |    488 |   2221 |   3 | 1087.0 |
               +--------+--------+--------+--------+--------+-----+--------+

Top non-repeatable levels by time:
     D:2: 1296 daAuts
     D:1: 1226 daAuts
     D:3: 737 daAuts
